 Dungeon Crawl Stone Soup version 0.32-a0-136-gc02482bde3 (webtiles) character file.

Game seed: 6769799823180959911

1439 Asceticacid the Summoner (level 8, -2/61 HPs)
             Began as a Gnoll Wanderer on Feb 10, 2024.
             Was a Believer of Nemelex Xobeh.
             Killed from afar by a steam dragon (16 damage)
             ... with a ball of steam
             ... on level 7 of the Dungeon.
             The game lasted 00:11:12 (6087 turns).

Asceticacid the Summoner (Gnoll Wanderer)           Turns: 6087, Time: 00:11:12

Health: -2/61      AC:  3    Str: 14    XL:     8   Next: 74%
Magic:  11/15      EV: 14    Int: 11    God:    Nemelex Xobeh [**....]
Gold:   377        SH:  0    Dex: 12    Spells: 10/16 levels left

rFire   . . .        f - +1 whip (elec)
rCold   . . .        (no shield)
rNeg    . . .        c - +0 robe
rPois   .            (no helmet)
rElec   .            (no cloak)
rCorr   .            w - +0 pair of gloves
SInv    .            (no boots)
Will    .....        (no amulet)
Stlth   ++           (no ring)
HPRegen 0.30/turn    (no ring)
MPRegen 0.14/turn

%: no passive effects
@: no status effects
A: fangs 1, strong nose, distributed training, screaming 1
a: Renounce Religion, Draw Escape, Draw Destruction, Draw Summoning


You were on level 7 of the Dungeon.
You worshipped Nemelex Xobeh.
Nemelex Xobeh was pleased with you.
You visited 1 branch of the dungeon, and saw 7 of its levels.

You collected 377 gold pieces.

Inventory:

Hand Weapons
 a - a +0 dagger
 f - a +1 whip of electrocution (weapon)
Armour
 b - a +0 pair of gloves
 c - a +0 robe (worn)
 w - a +0 pair of gloves (worn)
Wands
 m - a wand of iceblast (8)
 s - a wand of flame (39)
Scrolls
 d - 7 scrolls of teleportation
 g - a scroll of vulnerability
 j - a scroll of noise
 k - a scroll of revelation {unknown}
 l - a scroll of fear {unknown}
 n - 4 scrolls of enchant weapon {unknown}
 o - a scroll of enchant armour {unknown}
 p - 4 scrolls of blinking {unknown}
 q - a scroll of acquirement {unknown}
 t - 2 scrolls of identify
 u - a scroll of poison {unknown}
 v - a scroll of fog {unknown}
 x - a scroll of amnesia {unknown}
Potions
 e - 2 potions of ambrosia {unknown}
 h - 2 potions of curing
 i - 2 potions of heal wounds
 r - 3 potions of brilliance


   Skills:
 + Level 4.5 Fighting
 + Level 3.6 Short Blades
 + Level 3.6 Long Blades
 + Level 3.6 Axes
 + Level 3.6 Maces & Flails
 + Level 3.6 Polearms
 + Level 3.6 Staves
 + Level 3.6 Ranged Weapons
 + Level 3.6 Throwing
 + Level 3.6 Armour
 + Level 5.9 Dodging
 + Level 3.6 Stealth
 + Level 3.6 Shields
 + Level 4.5 Unarmed Combat
 + Level 4.7 Spellcasting
 + Level 3.0 Conjurations
 + Level 3.0 Hexes
 + Level 9.3 Summonings
 + Level 3.0 Necromancy
 + Level 3.0 Translocations
 + Level 3.0 Fire Magic
 + Level 3.0 Ice Magic
 + Level 3.0 Air Magic
 + Level 3.0 Earth Magic
 + Level 3.0 Alchemy
 + Level 4.0 Invocations
 + Level 3.6 Evocations
 + Level 3.3 Shapeshifting


You had 10 spell levels left.
You knew the following spells:

 Your Spells              Type           Power      Damage    Failure   Level
a - Summon Small Mammal   Summ           92%        N/A       1%          1
b - Call Imp              Summ           46%        N/A       1%          2
c - Summon Ice Beast      Ice/Summ       16%        N/A       5%          3

Your spell library contained the following spells:

 Spells                   Type           Power      Damage    Failure   Level
 Apportation              Tloc           18%        N/A       6%          1
 Blink                    Tloc           18%        N/A       10%         2
 Lesser Beckoning         Tloc           18%        N/A       10%         2
 Momentum Strike          Conj/Tloc      18%        3d8       10%         2
 Disjunction              Tloc           4%         N/A       100%        8


Dungeon Overview and Level Annotations

Branches:
Dungeon (7/15)             Temple (0/1) D:4

Altars:
Ashenzari
Elyvilon
Fedhas
Nemelex Xobeh
Vehumet


Innate Abilities, Weirdness & Mutations

You have very sharp teeth.
Your uncanny sense of smell can sniff out nearby items.
Your experience applies equally to all skills.
You occasionally shout uncontrollably at your foes.


Message History

Casting: Summon Ice Beast (dangerous; 5% risk of failure)
Confirm with . or Enter, or press ? or * to list all spells.
A chill wind blows around you.
You are engulfed in a cloud of scalding steam.
* * * LOW HITPOINT WARNING * * *
The steam dragon barely misses you. The steam dragon closely misses you.
The steam dragon attacks as it pursues you!
The steam dragon misses you. x2
You barely miss the steam dragon.
The steam dragon is heavily wounded.
The steam dragon breathes steam at you. The ball of steam hits you!
* * * LOW HITPOINT WARNING * * *
You feel better.
You are engulfed in a cloud of scalding steam.
Your ice beast hits the steam dragon but does no damage.
The steam dragon bites your ice beast.
The steam dragon closely misses your ice beast.
You closely miss the steam dragon.
The steam dragon is heavily wounded.
Your ice beast closely misses the steam dragon.
The steam dragon closely misses you. x2
You hit the steam dragon but do no damage.
You bite the steam dragon, but do no damage.
The steam dragon is heavily wounded.
Your ice beast hits the steam dragon but does no damage.
The steam dragon barely misses you.
The steam dragon claws you but does no damage.
You hit the steam dragon. You punch the steam dragon.
The steam dragon is almost dead.
Your ice beast is engulfed in a cloud of scalding steam.
Your ice beast hits the steam dragon but does no damage.
The steam dragon barely misses your ice beast. x2
You hit the steam dragon. You punch the steam dragon.
The steam dragon is almost dead.
Your ice beast misses the steam dragon.
The steam dragon breathes steam at you. The ball of steam hits you!
You die...
Your body glows slightly and disappears.

##########..
#..........
#......#.. ∆
#§/.§.# .. .
#.....# .# ... ...#
#..§.@##Y##...#
...#
#####.....D#...._..
... #..........Y.#
.. #.....######.# .
#.....# ... #.....+
..## #$...># #..
#### ####'## #=.∆
...#### ###.# ##.


You could see a steam dragon (catching breath, ally target) and a friendly ice
beast (summoned).

Vanquished Creatures
  An ice beast (D:6)
  A centaur (D:6)
  4 wights (D:7)
  A killer bee (D:7)
  A howler monkey (D:5)
  A hound (D:3)
  2 bombardier beetles
  2 iguanas (D:5)
  An orc wizard (D:2)
  A gnoll (D:1)
  3 adders
  A dart slug (D:1)
  2 ribbon worms
  4 orcs
  5 ball pythons
  8 bats
  2 endoplasms (D:2)
  A giant cockroach (D:2)
  6 goblins
  4 hobgoblins
  3 jackals (D:1)
  5 kobolds
  A quokka (D:3)
  A frilled lizard (D:2)
  7 rats
68 creatures vanquished.

Vanquished Creatures (collateral kills)
  A black bear (D:6)
  An ogre (D:4)
  A phantom (D:7)
  A kobold brigand (D:6)
  A bullfrog (D:7)
  A scorpion (D:5)
  2 killer bees (D:7)
  A howler monkey (D:5)
  A bombardier beetle (D:4)
  A hound (D:5)
  An iguana (D:7)
  A statue (D:5)
  An adder (D:2)
  A dart slug (D:4)
  4 orcs
  A ball python (D:3)
  A giant cockroach (D:4)
  2 bats (D:3)
  A frilled lizard (D:1)
  6 kobolds
  2 rats (D:1)
32 creatures vanquished.

Grand Total: 100 creatures vanquished

Notes
Turn   | Place    | Note
-------+----------+-------------------------------------------
     0 | D:1      | Asceticacid the Gnoll Wanderer began the quest for the Orb.
     0 | D:1      | Asceticacid set off with the following items: a +0 dagger,
                  | a +0 pair of gloves, a +0 robe, 2 scrolls of teleportation;
                  | and the following spell memorised: Summon Small Mammal; and
                  | the following spells available to memorise: Call Imp,
                  | Summon Ice Beast.
     0 | D:1      | Reached XP level 1. HP: 17/17 MP: 4/4
   276 | D:1      | Reached XP level 2. HP: 17/23 MP: 5/5
   458 | D:1      | Got the Codex of the Blink Frog
   590 | D:1      | Reached XP level 3. HP: 26/28 MP: 7/7
  1042 | D:2      | Learned a level 3 spell: Summon Ice Beast
  1064 | D:2      | Reached skill level 1 in Invocations
  1327 | D:2      | Reached skill level 1 in Short Blades
  1327 | D:2      | Reached skill level 1 in Long Blades
  1327 | D:2      | Reached skill level 1 in Axes
  1327 | D:2      | Reached skill level 1 in Maces & Flails
  1327 | D:2      | Reached skill level 1 in Polearms
  1327 | D:2      | Reached skill level 1 in Staves
  1327 | D:2      | Reached skill level 1 in Ranged Weapons
  1327 | D:2      | Reached skill level 1 in Throwing
  1327 | D:2      | Reached skill level 1 in Armour
  1327 | D:2      | Reached skill level 1 in Stealth
  1327 | D:2      | Reached skill level 1 in Shields
  1327 | D:2      | Reached skill level 1 in Evocations
  1407 | D:2      | Found a faded altar of an unknown god.
  1576 | D:2      | Learned a level 2 spell: Call Imp
  1909 | D:2      | Reached skill level 1 in Shapeshifting
  1909 | D:2      | Reached XP level 4. HP: 31/31 MP: 8/8
  2292 | D:2      | Reached skill level 1 in Conjurations
  2292 | D:2      | Reached skill level 1 in Hexes
  2292 | D:2      | Reached skill level 1 in Necromancy
  2292 | D:2      | Reached skill level 1 in Translocations
  2292 | D:2      | Reached skill level 1 in Fire Magic
  2292 | D:2      | Reached skill level 1 in Ice Magic
  2292 | D:2      | Reached skill level 1 in Air Magic
  2292 | D:2      | Reached skill level 1 in Earth Magic
  2292 | D:2      | Reached skill level 1 in Alchemy
  2388 | D:3      | Found a sparkling altar of Nemelex Xobeh.
  2404 | D:3      | Became a worshipper of Nemelex Xobeh the Trickster
  2620 | D:3      | Reached XP level 5. HP: 33/40 MP: 6/9
  2910 | D:3      | Found a white marble altar of Elyvilon.
  2910 | D:3      | Found a broken altar of Ashenzari.
  3030 | D:4      | Noticed an ogre
  3071 | D:4      | Killed an ogre
  3072 | D:4      | Reached XP level 6. HP: 47/47 MP: 3/11
  3218 | D:4      | Found a staircase to the Ecumenical Temple.
  3316 | D:4      | Reached skill level 5 in Dodging
  3461 | D:4      | Reached * piety under Nemelex Xobeh
  3838 | D:4      | Gained mutation: You are dopey. (Int -2) [potion of
                  | mutation]
  3838 | D:4      | Gained mutation: You are partially covered in iridescent
                  | scales. (AC +2) [potion of mutation]
  3838 | D:4      | Gained mutation: You expend magic power (3 MP) to
                  | strengthen your wands. [potion of mutation]
  3839 | D:4      | Lost mutation: You are partially covered in iridescent
                  | scales. (AC +2) [potion of mutation]
  3839 | D:4      | Lost mutation: You are dopey. (Int -2) [potion of mutation]
  3839 | D:4      | Lost mutation: You expend magic power (3 MP) to strengthen
                  | your wands. [potion of mutation]
  3839 | D:4      | Gained mutation: You occasionally shout uncontrollably at
                  | your foes. [potion of mutation]
  3839 | D:4      | Gained mutation: You are clumsy. (Dex -2) [potion of
                  | mutation]
  3839 | D:4      | Lost mutation: You are clumsy. (Dex -2) [potion of
                  | mutation]
  3877 | D:5      | Entered Level 5 of the Dungeon
  4016 | D:5      | Reached skill level 9 in Summonings
  4068 | D:5      | Reached XP level 7. HP: 51/52 MP: 9/12
  4124 | D:5      | Received a gift from Nemelex Xobeh
  4380 | D:5      | Found a radiant altar of Vehumet.
  4923 | D:6      | Received a gift from Nemelex Xobeh
  4988 | D:6      | Reached XP level 8. HP: 60/60 MP: 12/14
  5348 | D:7      | Reached ** piety under Nemelex Xobeh
  6075 | D:7      | Found a blossoming altar of Fedhas.
  6082 | D:7      | HP: 3/61 [steam dragon/ball of steam (13)]
  6087 | D:7      | Killed from afar by a steam dragon

Illustrated notes

Levels and vault maps discovered:
D:1:      dpeg_arrival_round_a, layout_loops_cross
D:2:      layout_basic, hellmonk_ecumenical_altar_inner_sanctum,
          dk_noncrumbling_3
D:3:      layout_rooms, gammafunk_temple_overflow_wave,
          mainiacjoe_overflow_paths
D:4:      layout_loops_ring, minmay_temple_entry_drinking_statues
D:5:      layout_basic, vehumet_statue
D:6:      wander_river, layout_rooms
D:7:      layout_basic, mainiacjoe_overflow_small_starburst

Skill      XL: |  1  2  3  4  5  6  7  8 |
---------------+-------------------------+-----
Invocations    | 1 2 3 4 |  4.0
Short Blades   | 1 2 3 |  3.6
Long Blades    | 1 2 3 |  3.6
Axes           | 1 2 3 |  3.6
Maces & Flails | 1 2 3 |  3.6
Polearms       | 1 2 3 |  3.6
Staves         | 1 2 3 |  3.6
Ranged Weapons | 1 2 3 |  3.6
Throwing       | 1 2 3 |  3.6
Armour         | 1 2 3 |  3.6
Stealth        | 1 2 3 |  3.6
Shields        | 1 2 3 |  3.6
Evocations     | 1 2 3 |  3.6
Shapeshifting  | 1 2 3 |  3.3
Spellcasting   | 3 4 |  4.7
Conjurations   | 1 2 3 |  3.0
Hexes          | 1 2 3 |  3.0
Necromancy     | 1 2 3 |  3.0
Translocations | 1 2 3 |  3.0
Fire Magic     | 1 2 3 |  3.0
Ice Magic      | 1 2 3 |  3.0
Air Magic      | 1 2 3 |  3.0
Earth Magic    | 1 2 3 |  3.0
Alchemy        | 1 2 3 |  3.0
Fighting       | 3 4 |  4.5
Unarmed Combat | 3 4 |  4.5
Dodging        | 5 |  5.9
Summonings     | 9 |  9.3

Action                     |  1- 3 |  4- 6 |  7- 9 || total
---------------------------+-------+-------+-------++-------
  Melee: Dagger            |    17 |       |       ||    17
         Whip              |   100 |    86 |    84 ||   270
         Bite              |    11 |     9 |    14 ||    34
         Punch             |     1 |     3 |     7 ||    11
   Cast: Summon Small Mamm |    11 |     4 |     2 ||    17
         Call Imp          |     2 |    17 |       ||    19
         Summon Ice Beast  |     1 |    10 |    16 ||    27
 Invoke: Draw Destruction  |       |       |     6 ||     6
  Evoke: Wand              |       |       |     8 ||     8
    Use: Potion            |     1 |     2 |     1 ||     4
         Scroll            |       |     5 |       ||     5
   Stab: Sleeping          |     5 |     1 |     1 ||     7
         Distracted        |     1 |       |       ||     1
 Armour: Robe              |    66 |    65 |    54 ||   185
  Dodge: Dodged            |   105 |    82 |    69 ||   256

Table legend: (Time is in decaauts)
 A = Elapsed time spent in this place.
 B = Non-inter-level travel time spent in this place.
 C = Inter-level travel time spent in this place.
 D = Time resting spent in this place.
 E = Time spent auto-exploring this place.
 F = Levels seen in this place.
 G = Mean time per level.
                   A        B        C        D        E       F      G
               +--------+--------+--------+--------+--------+-----+--------+
         Total |   6094 |   5802 |    292 |    918 |   3732 |   7 |  870.6 |
       Dungeon |   6094 |   5802 |    292 |    918 |   3732 |   7 |  870.6 |
               +--------+--------+--------+--------+--------+-----+--------+

Top non-repeatable levels by time:
     D:2: 1266 daAuts
     D:1: 1039 daAuts
     D:4: 931 daAuts
     D:5: 845 daAuts
     D:7: 735 daAuts
     D:3: 650 daAuts
     D:6: 624 daAuts
